 Dungeon Crawl Stone Soup version 0.23.2 (webtiles) character file.

Game seed: 13694366487913045607

103 Kairos the Poker (level 5, 0/42 HPs)
             Began as a Formicid Abyssal Knight on Apr 9, 2019.
             Was a Believer of Lugonu.
             Succumbed to a goblin's poison
             ... on level 2 of the Dungeon.
             The game lasted 00:03:05 (1296 turns).

Kairos the Poker (Formicid Abyssal Knight)          Turns: 1296, Time: 00:03:06

Health: 0/42       AC:  8    Str: 18    XL:     5   Next: 6%
Magic:  6/6        EV:  7    Int: 11    God:    Lugonu [**....]
Gold:   148        SH:  0    Dex: 10    Spells: 4/4 levels left

rFire    . . .     SeeInvis +   d - +1 glaive (venom)
rCold    . . .     Gourm    .   (no shield)
rNeg     . . .     Faith    .   e - +0 chain mail
rPois    .         Spirit   .   (helmet unavailable)
rElec    .         Reflect  .   (no cloak)
rCorr    .         Harm     .   (no gloves)
MR       +....                  (no boots)
Stlth    ..........             (no amulet)
HPRegen  0.14/turn              i - ring of protection from magic
MPRegen  0.10/turn              (no ring)

@: lethally poisoned (0 -> -3), starving
A: permanent stasis, dig shafts and tunnels, four strong arms, antennae 3
a: Dig, Shaft Self, Depart the Abyss, Bend Space, Renounce Religion


You were on level 2 of the Dungeon.
You worshipped Lugonu.
Lugonu was pleased with you.
You were starving.

You visited 1 branch of the dungeon, and saw 2 of its levels.
You visited the Abyss 1 time.

You collected 148 gold pieces.

Inventory:

Hand Weapons
 a - a +1 spear
 d - a +1 glaive of venom (weapon)
Armour
 b - a +0 leather armour
 e - a +0 chain mail (worn)
Jewellery
 i - a ring of protection from magic (left hand)
Scrolls
 f - a scroll of identify {unknown}
 g - 2 scrolls of enchant armour {unknown}
 h - 2 scrolls of teleportation
 j - a scroll of magic mapping {unknown}
Comestibles
 c - 4 rations


   Skills:
 + Level 3.9 Fighting
 * Level 4.0 Polearms
 + Level 2.4 Armour
 + Level 1.0 Dodging
 + Level 2.6 Invocations


You had 4 spell levels left.
You didn't know any spells.
Your spell library was empty.

Dungeon Overview and Level Annotations

Branches:
Dungeon (2/15)

Altars:
Hepliaklqana

Annotations:
D:2 Robin


Innate Abilities, Weirdness & Mutations

You cannot be hasted, slowed, berserked, paralysed or teleported.
You can dig through walls and to a lower floor.
Your four strong arms can wield two-handed weapons with a shield.
You have a pair of large antennae on your head. (SInv)


Message History

* * * LOW HITPOINT WARNING * * *
You feel sick. The goblin completely misses you.
You closely miss the goblin.
* * * LOW HITPOINT WARNING * * *
You feel sick. The goblin hits you but does no damage.
* * * LOW HITPOINT WARNING * * *
You feel sick. Robin throws the goblin at you!
The goblin hits you but does no damage.
You hit the goblin.
The goblin is poisoned.
The goblin is heavily wounded.
You kill the goblin!
Lugonu accepts your kill. Robin hits you but does no damage.
* * * LOW HITPOINT WARNING * * *
You feel sick.
Things that are here:
a +0 dagger; a goblin corpse
* * * LOW HITPOINT WARNING * * *
You feel sick.
You die...

#.##{# #####.##.# {
#....(##{#####
########.######.#{#.#
...........# #{{#.##
########.#.# #{###.#
#.#.####{##.##
#.#..{{..##.#
#@########.#####.
#....g)..........#
################.#


You could see Robin.

Vanquished Creatures
  Jessica (D:2)
  2 adders (D:2)
  An ooze (D:2)
  A dart slug (D:1)
  A leopard gecko (D:1)
  6 bats
  4 giant cockroaches
  11 goblins
  2 hobgoblins (D:1)
  6 jackals (D:1)
  A quokka (D:2)
  3 frilled lizards
  6 kobolds
  2 rats
47 creatures vanquished.

Notes
Turn   | Place    | Note
-------+----------+-------------------------------------------
     0 | Abyss:1  | Kairos the Formicid Abyssal Knight began the quest for the
                  | Orb.
     0 | Abyss:1  | Reached XP level 1. HP: 18/18 MP: 2/2
     2 | Abyss:1  | Found a corrupted altar of Lugonu.
    56 | Abyss:2  | Noticed a sun demon
    71 | D:1      | Escaped the Abyss
   161 | D:1      | Reached XP level 2. HP: 23/25 MP: 3/3
   190 | D:1      | Reached * piety under Lugonu
   355 | D:1      | Reached XP level 3. HP: 21/30 MP: 4/4
   694 | D:2      | Reached skill level 3 in Polearms
   699 | D:2      | Noticed Jessica
   706 | D:2      | Killed Jessica
   706 | D:2      | Reached skill level 1 in Dodging
   706 | D:2      | Reached XP level 4. HP: 36/37 MP: 5/5
   820 | D:2      | Found a hazy altar of Hepliaklqana.
  1256 | D:2      | Noticed Robin
  1259 | D:2      | Reached XP level 5. HP: 39/42 MP: 6/6
  1270 | D:2      | Reached ** piety under Lugonu
  1270 | D:2      | Reached skill level 4 in Polearms
  1289 | D:2      | HP: 2/42 [poisoned by a goblin]
  1296 | D:2      | Succumbed to a goblin's poison

Skill      XL: |  1  2  3  4  5 |
---------------+----------------+-----
Polearms       | 3 4 |  4.0
Dodging        | 1 |  1.0
Fighting       | |  3.9
Armour         | |  2.4
Invocations    | |  2.6

Action                   |  1- 3 |  4- 6 || total
-------------------------+-------+-------++-------
Melee: Glaive            |   100 |    54 ||   154
Invok: Depart the Abyss  |     1 |       ||     1
 Abil: Dig               |     1 |     5 ||     6
  Use: Potion            |     1 |       ||     1
       Scroll            |       |     1 ||     1
Armor: Leather armour    |    20 |       ||    20
       Chain mail        |    29 |    51 ||    80
Dodge: Dodged            |    58 |    19 ||    77
